 Dungeon Crawl Stone Soup version 0.21.1-1-g345015f (webtiles) character file.

44264 Hebeh the Severer (level 13, -3/123 HPs)
             Began as a Deep Dwarf Fighter on June 16, 2018.
             Was the Champion of Makhleb.
             Slain by a catoblepas (4 damage)
             ... on level 6 of the Lair of Beasts on June 17, 2018.
             The game lasted 02:47:58 (16323 turns).

Hebeh the Severer (Deep Dwarf Fighter)             Turns: 16323, Time: 02:47:59

Health: -3/123     AC: 18    Str: 25    XL:     13   Next: 95%
Magic:  6/6        EV:  2    Int:  9    God:    Makhleb [******]
Gold:   884        SH:  0    Dex: 16    Spells: 12/12 levels left

rFire    + . .     SeeInvis .   T - +4 mace (freeze)
rCold    . . .     Gourm    .   v - +3 shield of the Shore {MR+ Dex+4}
rNeg     + + +     Faith    .   b - +0 scale mail
rPois    ∞         Spirit   .   E - +0 helmet
rElec    .         Reflect  .   R - +0 cloak
rCorr    .         Harm     .   g - +3 pair of gauntlets of War {Slay+5}
MR       ++...                  H - +0 pair of boots
Stlth    ..........             (no amulet)
HPRegen  0.00/turn              k - ring of poison resistance
MPRegen  0.10/turn              P - ring of protection from fire

@: petrified, non-regenerating
A: damage resistance, heal wounds, sense surroundings 2, no regeneration
a: Heal Wounds, Minor Destruction, Lesser Servant of Makhleb, Major Destruction,
Greater Servant of Makhleb, Renounce Religion


You were on level 6 of the Lair of Beasts.
You worshipped Makhleb.
Makhleb was exalted by your worship.
You were not hungry.

You visited 3 branches of the dungeon, and saw 20 of its levels.

You collected 988 gold pieces.
You spent 104 gold pieces at shops.

Inventory:

Hand Weapons
 i - a +0 spear of flaming
 t - a +1 broad axe
 y - a +0 antimagic broad axe
 T - a +4 mace of freezing (weapon)
Armour
 b - a +0 scale mail (worn)
 g - the +3 pair of gauntlets of War (worn) {Slay+5}
   (You acquired it on level 12 of the Dungeon)

   It affects your accuracy and damage with ranged weapons and melee attacks
   (+5).
 v - the +3 shield of the Shore (worn) {MR+ Dex+4}
   (You found it on level 1 of the Lair of Beasts)

   It affects your dexterity (+4).
   It affects your resistance to hostile enchantments.
 E - a +0 helmet (worn)
 H - a +0 pair of boots (worn)
 R - a +0 cloak (worn)
Jewellery
 k - a ring of poison resistance (left hand)
 P - a ring of protection from fire (right hand)
Wands
 q - a wand of flame (96)
 s - a wand of paralysis (5)
 w - a wand of acid (21)
 z - a wand of enslavement (6)
 J - a wand of disintegration (5)
 L - a wand of polymorph (49)
Scrolls
 c - 2 scrolls of fog
 e - 2 scrolls of blinking
 h - 4 scrolls of remove curse
 l - 4 scrolls of amnesia
 p - 3 scrolls of enchant armour
 u - a scroll of fear
 x - a scroll of holy word
 A - 11 scrolls of teleportation
 B - 4 scrolls of enchant weapon
 G - a scroll of brand weapon
 W - 3 scrolls of immolation
Potions
 d - a potion of might
 m - 13 potions of curing
 n - 2 potions of agility
 o - 4 potions of lignification
 C - 2 potions of heal wounds
 F - a potion of ambrosia
 N - 2 potions of resistance
 O - a potion of flight {unknown}
 U - 2 potions of cancellation
 V - a potion of invisibility {unknown}
Books
 j - a book of Clouds

   Spells                             Type                      Level
   a - Poisonous Vapours              Poison/Air                   2
   b - Mephitic Cloud                 Conjuration/Poison/Air       3
   c - Conjure Flame                  Conjuration/Fire             3
   d - Freezing Cloud                 Conjuration/Ice/Air          6
   e - Ring of Flames                 Charms/Fire                  7
Miscellaneous
 Y - a lamp of fire
Comestibles
 a - 9 chunks of flesh
 f - 23 rations


   Skills:
 - Level 9.8 Fighting
 * Level 15.7 Axes
 - Level 11.3 Armour
 * Level 12.4 Shields
 - Level 10.0 Evocations


You had 12 spell levels left.
You didn't know any spells.

Dungeon Overview and Level Annotations

Branches:
Dungeon (13/15)            Temple (1/1) D:4            Lair (6/6) D:8
  Swamp (0/4) Lair:2       Spider (0/4) Lair:2        Slime (0/5) Lair:5
    Orc (0/2) D:9
 Vaults: D:13-14

Altars:
Ashenzari
Cheibriados
Dithmenos
Elyvilon
Fedhas
Gozag
Hepliaklqana
Kikubaaqudgha
Makhleb
Nemelex Xobeh
Okawaru
Qazlal
Ru
Sif Muna
Trog
Uskayaw
Vehumet
Wu Jian
Xom
Yredelemnul
Zin
The Shining One
Jiyva

Shops:
D:4 [   D:6 %*[?   D:8 [   D:10 :   D:12 (

Annotations:
Lair:1 exclusion: oklob plant
Lair:4 exclusion: 4 oklob plants


Innate Abilities, Weirdness & Mutations

You are resistant to damage.
You can heal yourself by infusing magical energy.
You passively map the area around you.
You do not regenerate.


Message History

The seven-headed hydra bites you but does no damage. x2
The seven-headed hydra bites you!
* * * LOW HITPOINT WARNING * * *
The seven-headed hydra bites you!
* * * LOW HITPOINT WARNING * * *
The seven-headed hydra bites you!
* * * LOW HITPOINT WARNING * * *
The seven-headed hydra bites you but does no damage.
The catoblepas gores you!!
* * * LOW HITPOINT WARNING * * *
The seven-headed hydra bites you but does no damage. x2
The seven-headed hydra bites you!
* * * LOW HITPOINT WARNING * * *
The seven-headed hydra bites you but does no damage.
The seven-headed hydra bites you.
* * * LOW HITPOINT WARNING * * *
The seven-headed hydra bites you.
The seven-headed hydra bites you but does no damage.
The catoblepas gores you!
You die...

, ..................##
, ,
.............F.....##*
, ,
#...................#*
** ,,
##......(........P...*
* , ,
#####.#.†....#.#....**
,, , ###P.....#.....#**
, , #..............# ,
* , #...##.DY.#....# ,
* #.[..###@F.##.# * * *
##.#..###...# #
###.###..##..## **≈ ,
####...#.###....### ≈
,........#..#....PP###.
≈≈
,...............PP.....
*
......†...........P...*
* * *, ,
.........P......#P... *
* ,
................##.##*
≈ *


You could see a catoblepas, a seven-headed hydra, a spiny frog and a blink frog.

Vanquished Creatures
  Azrael (D:12)
  5 hydras
  2 centaur warriors
  The ghost of Toshki the Basher, a novice MiMo of Cheibriados (Lair:1)
  2 two-headed ogres
  Urug (Lair:2)
  A fire crab (Lair:6)
  An unseen horror (D:11)
  Pikel (D:5)
  2 ugly things (D:11)
  A cyclops (D:12)
  13 elephants
  2 black mambas
  Maurice (D:8)
  An ice statue (D:9)
  11 spiny frogs
  3 gargoyles
  5 komodo dragons
  2 polar bears (Lair:3)
  A troll (D:8)
  The ghost of Lecool the Cutter, an amateur DsGl of Fedhas (D:4)
  Prince Ribbit (D:6)
  6 hippogriffs
  17 blink frogs
  Sigmund (D:6)
  4 fire elementals (D:12)
  2 hungry ghosts
  A wraith (D:12)
  2 wyverns
  20 yaks
  4 hogs (D:8)
  A human (D:8)
  Grum (D:8)
  A steam dragon (D:9)
  6 swamp worms (Lair:2)
  A soldier ant (D:12)
  11 water moccasins
  2 porcupines
  Duvessa (D:6)
  3 hell hounds (D:12)
  3 sky beasts
  5 orc warriors
  An ice beast (D:7)
  A black bear (Lair:2)
  7 ogres
  2 phantoms
  2 necrophages
  13 wolves
  16 centaurs
  13 crocodiles
  A big kobold (D:4)
  Blork the orc (D:6)
  11 bullfrogs
  Dowan (D:6)
  3 scorpions
  9 killer bees
  An electric eel (Lair:2)
  6 wights (D:10)
  9 howler monkeys
  3 bullfrog zombies
  4 crimson imps
  A centaur zombie (D:7)
  Crazy Yiuf (D:2)
  6 hounds
  2 jellies
  2 centaur skeletons
  A gnoll shaman (D:8)
  6 orc priests
  2 bullfrog skeletons
  Jessica (D:2)
  Ijyb (D:2)
  3 iguanas
  7 worker ants
  11 orc wizards
  A hound zombie (D:6)
  A howler monkey zombie (D:9)
  2 worker ant zombies
  12 gnolls
  A howler monkey skeleton (D:9)
  13 adders
  3 shadow imps
  An ooze (D:4)
  3 adder zombies
  2 adder skeletons
  2 worms
  4 dart slugs
  9 leopard geckos
  39 orcs
  4 bats
  4 giant cockroaches
  9 goblins
  9 hobgoblins
  2 jackals (D:3)
  2 quokkas
  9 frilled lizards
  26 kobolds
  2 quokka zombies
  10 rats
  A fungus (Lair:3)
  7 plants (D:4)
477 creatures vanquished.

Vanquished Creatures (others)
  Psyche (D:8)
  3 slaves (D:5)
  A hound (D:5)
  An orc wizard (D:7)
  A leopard gecko (D:5)
  3 fungi
  10 plants
20 creatures vanquished.

Grand Total: 497 creatures vanquished

Notes
Turn   | Place    | Note
-------+----------+-------------------------------------------
     0 | D:1      | Hebeh the Deep Dwarf Fighter began the quest for the Orb.
     0 | D:1      | Reached XP level 1. HP: 20/20 MP: 1/1
   159 | D:1      | Reached XP level 2. HP: 25/27 MP: 2/2
   457 | D:1      | Reached skill level 3 in Axes
   457 | D:1      | Reached XP level 3. HP: 30/33 MP: 3/3
   743 | D:2      | Found an ornate altar of the Wu Jian Council.
   803 | D:2      | Found an opulent altar of Gozag.
   810 | D:2      | Noticed Jessica
   831 | D:2      | Killed Jessica
   831 | D:2      | Reached XP level 4. HP: 42/42 MP: 4/4
  1010 | D:2      | Found a runed door.
  1280 | D:2      | Noticed Crazy Yiuf
  1284 | D:2      | Killed Crazy Yiuf
  1354 | D:3      | Noticed Ijyb
  1373 | D:2      | Paralysed by Ijyb for 3 turns
  1379 | D:2      | Killed Ijyb
  1379 | D:2      | Reached skill level 4 in Axes
  1379 | D:2      | Reached XP level 5. HP: 31/49 MP: 5/5
  1387 | D:3      | Found a faded altar of an unknown god.
  2044 | D:4      | Found a basalt altar of Yredelemnul.
  2098 | D:4      | Found Liecvefi's Armour Boutique.
  2206 | D:4      | Reached XP level 6. HP: 28/56 MP: 6/6
  2257 | D:4      | Reached skill level 5 in Axes
  2257 | D:4      | Reached skill level 1 in Evocations
  2409 | D:4      | Found a glowing silver altar of Zin.
  2409 | D:4      | Noticed an angel
  2696 | D:4      | Found a staircase to the Ecumenical Temple.
  2707 | Temple   | Entered the Ecumenical Temple
  2750 | Temple   | Became a worshipper of Makhleb the Destroyer
  2766 | D:4      | Noticed Lecool's ghost (amateur DsGl)
  2798 | D:4      | Killed Lecool's ghost
  2798 | D:4      | Reached skill level 5 in Shields
  2798 | D:4      | Reached XP level 7. HP: 43/64 MP: 6/8
  2882 | D:4      | Reached skill level 5 in Armour
  2960 | D:4      | Found a bloodstained altar of Trog.
  3224 | D:4      | Reached skill level 6 in Axes
  3518 | D:5      | Entered Level 5 of the Dungeon
  3586 | D:5      | Reached * piety under Makhleb
  3677 | D:5      | Reached XP level 8. HP: 60/73 MP: 9/9
  3780 | D:5      | Noticed Pikel
  3795 | D:5      | Killed Pikel
  3795 | D:5      | Reached skill level 7 in Axes
  3813 | D:5      | Reached skill level 5 in Fighting
  3840 | D:5      | Found a white marble altar of Elyvilon.
  3972 | D:5      | Found a shattered altar of Ashenzari.
  4495 | D:6      | Noticed Sigmund
  4510 | D:6      | Killed Sigmund
  4510 | D:6      | Reached skill level 5 in Evocations
  4510 | D:6      | Gained mutation: You passively map the area around you. [Deep Dwarf growth]
  4510 | D:6      | Reached XP level 9. HP: 47/81 MP: 11/11
  4513 | D:6      | Found Joptaig's General Store.
  4535 | D:6      | Bought a scroll of teleportation for 39 gold pieces
  4535 | D:6      | Bought a scroll of identify for 26 gold pieces
  4535 | D:6      | Bought a potion of curing for 39 gold pieces
  4550 | D:6      | Noticed Blork the orc
  4562 | D:6      | Killed Blork the orc
  4562 | D:6      | Reached skill level 8 in Axes
  4574 | D:6      | Noticed Prince Ribbit
  4606 | D:6      | Noticed Duvessa
  4627 | D:6      | Killed Duvessa
  4628 | D:6      | Noticed Dowan
  4645 | D:6      | Killed Dowan
  4707 | D:6      | Reached ** piety under Makhleb
  4770 | D:6      | Found Miqi's Magic Scroll Shoppe.
  4803 | D:6      | Found a hazy altar of Hepliaklqana.
  4929 | D:6      | Found Erpha Tor's Antique Armour Shoppe.
  4964 | D:6      | Found Acimimul's Food Boutique.
  5016 | D:6      | Killed Prince Ribbit
  5171 | D:7      | Reached skill level 9 in Axes
  5644 | D:7      | Found a stormy altar of Qazlal.
  5866 | D:7      | Reached XP level 10. HP: 83/91 MP: 12/12
  6018 | D:7      | Found a snail-covered altar of Cheibriados.
  6019 | D:7      | Found a shadowy altar of Dithmenos.
  6235 | D:8      | Found a staircase to the Lair.
  6287 | Lair:1   | Entered Level 1 of the Lair of Beasts
  6287 | Lair:1   | Noticed Toshki's ghost (novice MiMo)
  6339 | D:8      | Reached skill level 10 in Axes
  6437 | D:8      | Noticed Grum
  6447 | D:8      | Killed Grum
  6542 | D:8      | Reached *** piety under Makhleb
  6598 | D:8      | Noticed Maurice
  6600 | D:8      | Found Kullem's Antique Armour Boutique.
  6604 | D:8      | Killed Maurice
  6641 | D:8      | Noticed Psyche
  6644 | D:8      | Found a radiant altar of Vehumet.
  6649 | D:8      | Killed Psyche
  6763 | D:8      | Noticed a two-headed ogre
  6777 | D:8      | Killed a two-headed ogre
  6841 | D:8      | Reached skill level 11 in Axes
  6933 | D:8      | Reached XP level 11. HP: 89/100 MP: 12/12
  7669 | D:9      | Found a staircase to the Orcish Mines.
  7927 | D:10     | Entered Level 10 of the Dungeon
  7956 | D:10     | Reached **** piety under Makhleb
  8123 | D:10     | Found Xumaiq's Book Boutique.
  8275 | D:10     | Got a crystal spear
  8996 | D:11     | Killed an unseen horror
  9014 | D:11     | Noticed a two-headed ogre
  9132 | D:11     | Killed a two-headed ogre
  9132 | D:11     | Reached skill level 12 in Axes
  9224 | D:11     | Noticed a brown ugly thing
  9224 | D:11     | Noticed a red ugly thing
  9482 | D:11     | Killed a white ugly thing
  9503 | D:11     | Killed a white ugly thing
  9523 | D:11     | Reached ***** piety under Makhleb
  9858 | D:11     | Identified the +2 spear "Gozaeminn" {pierce, rPois} (You found it on level 10 of the Dungeon)
 10082 | D:12     | Reached XP level 12. HP: 101/110 MP: 8/8
 10122 | D:12     | Reached skill level 10 in Evocations
 10276 | D:12     | Noticed Azrael
 10328 | D:12     | Killed Azrael
 10597 | D:12     | Found Vaeclov's Antique Weapon Emporium.
 10648 | D:12     | Reached skill level 13 in Axes
 10983 | D:12     | Identified 2 scrolls of acquirement
 11010 | D:12     | Found the +3 pair of gauntlets of War {Slay+5}
 11175 | D:13     | Noticed a centaur warrior
 11180 | D:12     | Reached skill level 10 in Shields
 11190 | D:12     | Killed a centaur warrior
 11204 | D:12     | Reached skill level 10 in Armour
 11251 | D:13     | Noticed a centaur warrior
 11263 | D:13     | Killed a centaur warrior
 11427 | Lair:1   | Killed Toshki's ghost
 11726 | Lair:1   | Got a spiked shield
 11774 | D:8      | Identified the +3 shield of the Shore {MR+ Dex+4} (You found it on level 1 of the Lair of Beasts)
 11850 | Lair:1   | Found a blossoming altar of Fedhas.
 12382 | Lair:2   | Found a hole to the Spider Nest.
 12416 | Lair:1   | Reached skill level 14 in Axes
 12443 | Lair:2   | Reached XP level 13. HP: 121/121 MP: 7/7
 12909 | Lair:2   | Found a staircase to the Swamp.
 12984 | Lair:2   | Noticed Urug
 12997 | Lair:2   | Killed Urug
 13805 | Lair:3   | Reached ****** piety under Makhleb
 14822 | Lair:4   | Reached skill level 15 in Axes
 15371 | Lair:5   | Found a staircase to the Slime Pits.
 15371 | Lair:5   | Found a viscous altar of Jiyva.
 16089 | Lair:6   | Entered Level 6 of the Lair of Beasts
 16322 | Lair:6   | HP: 4/123 [catoblepas (12)]
 16323 | Lair:6   | HP: 1/123 [seven-headed hydra (1)]
 16323 | Lair:6   | Slain by a catoblepas

Skill      XL: |  1  2  3  4  5  6  7  8  9 10 11 12 13 |
---------------+----------------------------------------+-----
Axes           | 3 4 5 6 7 9 11 12 14 15 | 15.7
Fighting       | 3 4 5 6 7 8 9 |  9.8
Armour         | 4 5 6 7 8 9 10 11 | 11.3
Shields        | 4 5 6 7 8 9 10 12 | 12.4
Evocations     | 2 3 5 6 8 9 10 | 10.0

Action                   |  1- 3 |  4- 6 |  7- 9 | 10-12 | 13-15 || total
-------------------------+-------+-------+-------+-------+-------++-------
Melee: War axe           |    67 |   264 |   535 |   639 |       ||  1505
       Broad axe         |       |       |       |   120 |   282 ||   402
       Mace              |       |       |       |   115 |    91 ||   206
Throw: Javelin           |       |       |     3 |     1 |       ||     4
Invok: Minor Destruction |       |       |       |     1 |       ||     1
 Abil: Heal Wounds       |     1 |     6 |    20 |    34 |     2 ||    63
Evoke: Wand              |       |       |     1 |    18 |       ||    19
       Lamp of fire      |       |       |       |     1 |       ||     1
  Use: Scroll            |       |       |     7 |    23 |     6 ||    36
       Potion            |       |       |       |     2 |       ||     2
 Stab: Paralysed         |       |       |       |     4 |       ||     4
  Eat: Chunk             |       |     6 |    16 |    19 |     4 ||    45
       Ration            |       |       |       |     2 |     3 ||     5
Armor: Scale mail        |    23 |   116 |   179 |   486 |   183 ||   987
Dodge: Dodged            |    15 |    73 |   112 |   298 |   107 ||   605
Block: Shield            |    32 |   110 |   263 |   641 |   267 ||  1313
